 Dungeon Crawl Stone Soup version 0.32-a0-20-ge526923d97 (webtiles) character file.

Game seed: 9770420673551363532

114 hikkokomori the Poker (level 4, -5/35 HPs)
             Began as a Merfolk Gladiator on Jan 17, 2024.
             Was an Initiate of Okawaru.
             Slain by a gnoll
             ... wielding a +0 halberd
              (9 damage)
             ... on level 4 of the Dungeon.
             The game lasted 00:03:02 (1397 turns).

hikkokomori the Poker (Merfolk Gladiator)           Turns: 1397, Time: 00:03:02

Health: -5/35      AC:  7    Str: 14    XL:     4   Next: 98%
Magic:  4/4        EV: 10    Int:  7    God:    Okawaru [......]
Gold:   130        SH:  0    Dex: 17    Spells: 3/3 levels left

rFire   + . .        n - +1 spear of Riraekho {vamp, rF+}
rCold   . . .        (no shield)
rNeg    . . .        i - +0 scale mail
rPois   .            c - +0 helmet
rElec   .            (no cloak)
rCorr   .            (no gloves)
SInv    .            (no boots)
Will    .....        (no amulet)
Stlth   +            (no ring)
HPRegen 0.25/turn    (no ring)
MPRegen 0.09/turn

%: no passive effects
@: no status effects
A: (nimble swimmer 2), mertail
a: Renounce Religion


You were on level 4 of the Dungeon.
You worshipped Okawaru.
Okawaru was noncommittal.
You visited 2 branches of the dungeon, and saw 4 of its levels.

You collected 130 gold pieces.

Inventory:

Hand Weapons
 a - a +0 trident
 n - the +1 spear of Riraekho (weapon) {vamp, rF+}
   (You found it on level 4 of the Dungeon)

   rF+:       It protects you from fire.
Missiles
 d - a throwing net (quivered)
 m - 2 datura-tipped darts
Armour
 b - a +0 leather armour
 c - a +0 helmet (worn)
 i - a +0 scale mail (worn)
Magical Staves
 l - a staff of fire
Scrolls
 f - 2 scrolls of identify {unknown}
 g - a scroll of blinking {unknown}
 h - a scroll of enchant armour {unknown}
 j - a scroll of noise {unknown}
 k - a scroll of enchant weapon {unknown}
 o - a scroll of amnesia {unknown}


   Skills:
 + Level 3.3 Fighting
 + Level 4.9 Polearms
 + Level 3.0 Throwing
 - Level 4.0 Dodging
 + Level 2.4 Stealth


You had 3 spell levels left.
You didn't know any spells.
Your spell library contained the following spells:

 Spells                   Type           Power      Damage    Failure   Level
 Scorch                   Fire           0%         2d5       97%         2
 Flame Wave               Conj/Fire      0%         2d4       100%        4
 Summon Cactus Giant      Summ           Unusable   N/A       N/A         6

Dungeon Overview and Level Annotations

Branches:
Dungeon (4/15)             Temple (1/1) D:4

Altars:
Ashenzari
Cheibriados
Dithmenos
Elyvilon
Fedhas
Kikubaaqudgha
Nemelex Xobeh
Okawaru
Qazlal
Trog
Yredelemnul
Zin
The Shining One


Innate Abilities, Weirdness & Mutations

((You are very nimble when in or above water. (Stealth+, EV+, Speed+++)))
Your lower body shifts to a powerful aquatic tail in water.


Message History

The throwing net closely misses the gnoll.
The throwing net barely misses the gnoll.
The throwing net hits the gnoll.
The gnoll is caught in the net!
The gnoll is severely wounded.
The gnoll closely misses you.
The gnoll struggles against the net.
Throw: 2 throwing nets
Press: ? - help, Shift-Dir - straight line, f - gnoll, p - gnoll
Aim: a gnoll, wielding a +0 halberd (lightly wounded, 63% to hit)
You throw a throwing net.
The throwing net barely misses the gnoll.
The throwing net hits the gnoll.
The gnoll is caught in the net!
The gnoll is lightly wounded.
The gnoll struggles against the net.
The gnoll hits you but does no damage.
The gnoll struggles against the net.
Unknown command.
Unknown command.
You hit the gnoll but do no damage.
The gnoll is lightly wounded.
Unknown command.
You hit the gnoll.
The gnoll is moderately wounded.
The gnoll closely misses you.
The gnoll struggles against the net. x2
Unknown command.
You hit the gnoll.
The gnoll is heavily wounded.
The gnoll struggles against the net.
The gnoll barely misses you.
The gnoll struggles against the net.
Unknown command.
You closely miss the gnoll.
The gnoll is heavily wounded.
The gnoll struggles against the net.
The gnoll hits you but does no damage.
The gnoll struggles against the net.
Unknown command.
You hit the gnoll.
The gnoll is almost dead.
The gnoll struggles against the net.
The net rips apart, and the gnoll comes free!
The gnoll hits you with a +0 halberd!
You die...

#.########
#.ggg@...#
#(.#####.#
# #.# #.#
#.# #.#
#.# #.#
#.#


You could see 3 gnolls.

Vanquished Creatures
  A bombardier beetle (D:4)
  An iguana (D:4)
  2 adders (D:4)
  2 dart slugs
  A ribbon worm (D:4)
  6 endoplasms
  A giant cockroach (D:1)
  3 goblins
  2 hobgoblins (D:1)
  A quokka (D:1)
  A ball python (D:1)
  3 bats
  4 frilled lizards
  2 kobolds (D:1)
  4 rats
34 creatures vanquished.

Notes
Turn   | Place    | Note
-------+----------+-------------------------------------------
     0 | D:1      | hikkokomori the Merfolk Gladiator began the quest for the
                  | Orb.
     0 | D:1      | Reached XP level 1. HP: 16/16 MP: 1/1
   179 | D:1      | Reached XP level 2. HP: 22/23 MP: 2/2
   416 | D:1      | Reached skill level 1 in Stealth
   598 | D:1      | Reached XP level 3. HP: 26/28 MP: 3/3
   895 | D:2      | You fall into a shaft and drop 2 floors!
   900 | D:4      | Identified the +1 spear of Riraekho {vamp, rF+}
  1033 | D:4      | Reached XP level 4. HP: 35/35 MP: 4/4
  1145 | D:4      | Found a staircase to the Ecumenical Temple.
  1154 | Temple   | Entered the Ecumenical Temple
  1185 | Temple   | Became a worshipper of Warmaster Okawaru
  1397 | D:4      | Slain by a gnoll

Illustrated notes

Levels and vault maps discovered:
D:1:      lemuel_arrival_muddy, layout_loops_ring, minmay_misc_feat_chi,
          dk_noncrumbling_3
D:2:      layout_loops_cross
D:4:      layout_basic, minmay_temple_entry_junction_2
Temple:   oiseaux_autumnal_temple

Skill      XL: |  1  2  3  4 |
---------------+-------------+-----
Stealth        | 1 2 |  2.4
Fighting       | 3 |  3.3
Throwing       | 3 |  3.0
Polearms       | |  4.9
Dodging        | |  4.0

Action                     |  1- 3 |  4- 6 || total
---------------------------+-------+-------++-------
  Melee: Trident           |    65 |       ||    65
         Spear             |     9 |    54 ||    63
  Throw: Throwing net      |       |     2 ||     2
         Javelin           |       |     1 ||     1
   Stab: Sleeping          |     2 |       ||     2
 Armour: Leather armour    |     5 |       ||     5
         Scale mail        |    20 |    26 ||    46
  Dodge: Dodged            |    20 |    13 ||    33

Table legend: (Time is in decaauts)
 A = Elapsed time spent in this place.
 B = Non-inter-level travel time spent in this place.
 C = Inter-level travel time spent in this place.
 D = Time resting spent in this place.
 E = Time spent auto-exploring this place.
 F = Levels seen in this place.
 G = Mean time per level.
                   A        B        C        D        E       F      G
               +--------+--------+--------+--------+--------+-----+--------+
         Total |   1386 |   1355 |     31 |      0 |   1041 |   4 |  346.5 |
       Dungeon |   1338 |   1338 |      0 |      0 |   1028 |   3 |  446.0 |
        Temple |     48 |     17 |     31 |      0 |     13 |   1 |   48.0 |
               +--------+--------+--------+--------+--------+-----+--------+

Top non-repeatable levels by time:
     D:1: 634 daAuts
     D:4: 444 daAuts
     D:2: 259 daAuts
  Temple: 48 daAuts
